 Dungeon Crawl Stone Soup version 0.21.1-1-g345015f (webtiles) character file.

10 tidbits the Fighter (level 2, 0/33 HPs)
             Began as a Gnoll Wanderer on June 8, 2018.
             Slain by Natasha (8 damage)
             ... on level 4 of the Dungeon.
             The game lasted 00:04:06 (284 turns).

tidbits the Fighter (Gnoll Wanderer)                 Turns: 284, Time: 00:04:07

Health: 0/33       AC:  3    Str: 12    XL:     2   Next: 20%
Magic:  0/5        EV: 11    Int: 15    God:
Gold:   52         SH:  0    Dex: 15    Spells: 4/6 levels left

rFire    . . .     SeeInvis .   a - +2 dagger
rCold    . . .     Gourm    .   (no shield)
rNeg     . . .     Faith    .   B - +0 robe
rPois    .         Spirit   .   (no helmet)
rElec    .         Reflect  .   (no cloak)
rCorr    .         Harm     .   G - +0 pair of gloves
MR       .....                  (no boots)
Stlth    ++........             (no amulet)
HPRegen  0.11/turn              (no ring)
MPRegen  0.09/turn              (no ring)

@: hasted, very quick
A: distributed training, fangs 1, strong nose
a: no special abilities


You were on level 4 of the Dungeon.
You were not hungry.

You visited 1 branch of the dungeon, and saw 4 of its levels.

You collected 52 gold pieces.

Inventory:

Hand Weapons
 a - a +2 dagger (weapon)
 m - a +0 club
 n - a +0 hunting sling
Missiles
 o - 27 stones (quivered)
Armour
 B - a +0 robe (worn)
 G - a +0 pair of gloves (worn)
Scrolls
 i - a scroll of magic mapping {unknown}
 j - 2 scrolls of identify {unknown}
 k - a scroll of enchant weapon {unknown}
 l - a scroll of enchant armour {unknown}
 p - a scroll of fog {unknown}
 q - a scroll of amnesia {unknown}
Potions
 e - a potion of ambrosia {unknown}
 g - a potion of brilliance {unknown}
 h - a potion of lignification {unknown}
Books
 c - the Volume of the Voyage

   Spells                             Type                      Level
   a - Apportation                    Translocation                1
   b - Gell's Gravitas                Translocation                3
 d - Umeth's Reference Book on Confrontation

   Spells                             Type                      Level
   a - Sting                          Conjuration/Poison           1
   b - Stone Arrow                    Conjuration/Earth            3
Comestibles
 f - 2 rations


   Skills:
 + Level 8.4 Fighting
 + Level 0.3 Short Blades
 + Level 0.3 Long Blades
 + Level 0.3 Axes
 + Level 0.3 Maces & Flails
 + Level 0.3 Polearms
 + Level 0.3 Staves
 + Level 0.3 Slings
 + Level 0.3 Bows
 + Level 0.3 Crossbows
 + Level 0.3 Throwing
 + Level 2.4 Armour
 + Level 0.3 Dodging
 + Level 2.2 Stealth
 + Level 0.3 Shields
 + Level 0.3 Unarmed Combat
 + Level 2.7 Spellcasting
 + Level 0.2 Conjurations
 + Level 0.2 Hexes
 + Level 0.2 Charms
 + Level 0.2 Summonings
 + Level 0.2 Necromancy
 + Level 3.7 Translocations
 + Level 0.2 Transmutations
 + Level 0.2 Fire Magic
 + Level 0.2 Ice Magic
 + Level 0.2 Air Magic
 + Level 0.2 Earth Magic
 + Level 0.2 Poison Magic
 + Level 0.4 Invocations
 + Level 2.4 Evocations


You had 4 spell levels left.
You knew the following spells:

 Your Spells              Type           Power        Failure   Level  Hunger
a - Sting                 Conj/Pois      #...         19%         1    #......
A - Apportation           Tloc           ##....       4%          1    #......


Dungeon Overview and Level Annotations

Branches:
Dungeon (4/15)
 Temple: D:4-7

Altars:

Annotations:
D:4 Natasha


Innate Abilities, Weirdness & Mutations

Your experience applies equally to all skills.
You have very sharp teeth.
Your uncanny sense of smell can sniff out nearby items.


Message History

Aim: a leopard gecko (severely wounded, clinging)
You miscast Sting.
You are very lightly contaminated with residual magic.
Nothing appears to happen.
The leopard gecko closely misses you.
Casting: Sting
Confirm with . or Enter, or press ? or * to list all spells.
Aiming: Sting
Press: ? - help, Shift-Dir - straight line, f/p - leopard gecko
Aim: a leopard gecko (severely wounded, clinging)
The sting hits the leopard gecko.
The leopard gecko is almost dead.
The leopard gecko closely misses you.
You miss the leopard gecko.
The leopard gecko is almost dead.
The leopard gecko bites you.
You hit the leopard gecko.
You kill the leopard gecko!
There is an open door here.
You see here a leopard gecko corpse.
You see here 12 gold pieces.
You now have 17 gold pieces (gained 12).
You see here 8 gold pieces.
You now have 25 gold pieces (gained 8).
You open the door.
You see here a scroll labeled WEZ EXEXEUCS.
j - 2 scrolls labeled WEZ EXEXEUCS (gained 1)
Your magical contamination has completely faded away.
You see here 18 gold pieces.
You now have 43 gold pieces (gained 18).
You open the door.
Found 9 gold pieces.
There is an open door here.
Found a scroll labeled GYRESE GECKOIXO.
You see here a scroll labeled GYRESE GECKOIXO.
q - a scroll labeled GYRESE GECKOIXO
Found a dagger and 11 sling bullets.
You see here 9 gold pieces.
You now have 52 gold pieces (gained 9).
There is a stone staircase leading down here.
Okay, then.
You climb downwards.
Natasha, Servant of Life and Death comes into view.
Natasha hisses angrily.
Found 19 gold pieces, 10 arrows, a scratched copper ring and 13 stones.
There is a stone staircase leading up here.
You feel yourself speed up.
Casting: Sting
Confirm with . or Enter, or press ? or * to list all spells.
Aiming: Sting
Press: ? - help, Shift-Dir - straight line, f - Natasha
Aim: Natasha The sting misses Natasha.
Casting: Sting
Confirm with . or Enter, or press ? or * to list all spells.
Aiming: Sting
Press: ? - help, Shift-Dir - straight line, f/p - Natasha
Aim: Natasha The sting hits Natasha.
Natasha is poisoned.
Natasha is lightly wounded.
Natasha stares at you and mumbles some strange words.
The magic dart hits you!
Casting: Sting
Confirm with . or Enter, or press ? or * to list all spells.
Aiming: Sting
Press: ? - help, Shift-Dir - straight line, f/p - Natasha
Aim: Natasha (moderately wounded, poisoned)
The sting misses Natasha.
Natasha claws you.
Casting: Sting
Confirm with . or Enter, or press ? or * to list all spells.
Aiming: Sting
Press: ? - help, Shift-Dir - straight line, f/p - Natasha
Aim: Natasha (moderately wounded, poisoned)
The sting hits Natasha.
Natasha appears unharmed.
Natasha is moderately wounded.
Casting: Sting
Confirm with . or Enter, or press ? or * to list all spells.
Aiming: Sting
Press: ? - help, Shift-Dir - straight line, f/p - Natasha
Aim: Natasha (moderately wounded, poisoned)
The sting hits Natasha.
Natasha is moderately wounded.
Natasha barely misses you.
Casting: Sting
Confirm with . or Enter, or press ? or * to list all spells.
You don't have enough magic to cast that spell.
Unknown command.
You barely miss Natasha.
Natasha is moderately wounded.
Natasha claws you!
* * * LOW HITPOINT WARNING * * *
You closely miss Natasha.
Natasha is moderately wounded.
You hit Natasha.
Natasha is heavily wounded.
Natasha claws you.
* * * LOW HITPOINT WARNING * * *
You hit Natasha.
Natasha is almost dead.
Natasha claws you!
You die...

... .. ... ...
#.. #######...
#...#.........
.#...#.........
...............
...............
.......@.......
...(..h....$###
......$.....#
............#
.....##....=#
..... ......#
.... .......
.... .......(


You could see Natasha.

Vanquished Creatures
  A leopard gecko (D:3)
  A bat (D:2)
  3 goblins
  A hobgoblin (D:2)
  A kobold (D:1)
  A frilled lizard (D:1)
8 creatures vanquished.

Notes
Turn   | Place    | Note
-------+----------+-------------------------------------------
     0 | D:1      | tidbits the Gnoll Wanderer began the quest for the Orb.
     0 | D:1      | tidbits set off with: a +2 dagger, a potion of haste, the Volume of the Voyage, Umeth's Reference Book on Confrontation, a +0 robe, a ration
     0 | D:1      | Reached XP level 1. HP: 26/26 MP: 4/4
     0 | D:1      | Identified the Volume of the Voyage
     0 | D:1      | Identified Umeth's Reference Book on Confrontation
     2 | D:1      | Learned a level 1 spell: Apportation
    63 | D:1      | Learned a level 1 spell: Sting
   164 | D:2      | Reached XP level 2. HP: 25/33 MP: 0/5
   274 | D:4      | Noticed Natasha
   284 | D:4      | Slain by Natasha

Action                   || total
-------------------------++-------
Melee: Dagger            ||     6
 Cast: Sting             ||    17
  Use: Potion            ||     1
Dodge: Dodged            ||     8

Table legend:
 A = Turns spent in this place as a percentage of turns spent in the entire game.
 B = Non-inter-level travel turns spent in this place as a percentage of non-inter-level travel turns spent in the entire game.
 C = Inter-level travel turns spent in this place as a percentage of turns spent in this place.
 D = Turns resting spent in this place as a percentage of non-inter-level travel turns spent in this place.
 E = Turns spent auto-exploring this place as a percentage of non-inter-level travel turns spent in this place.
 F = Non-inter-level travel turns spent in this place divided by the number of levels of this place that you've seen.
                   A       B       C       D       E      F
               +-------+-------+-------+-------+-------+----------------------
         Total | 100.0 | 100.0 |   0.0 |   0.0 |   0.0 |  71.0
       Dungeon | 100.0 | 100.0 |   0.0 |   0.0 |   0.0 |  71.0
               +-------+-------+-------+-------+-------+----------------------

Table legend:
 A = Kills in this place as a percentage of kills in entire the game.
 B = Kills by you in this place as a percentage of kills by you in the entire game.
 C = Kills by friends in this place as a percentage of kills by friends in the entire game.
 D = Other kills in this place as a percentage of other kills in the entire game.
 E = Experience gained in this place as a percentage of experience gained in the entire game.
 F = Experience gained in this place divided by the number of levels of this place that you have seen.
                   A       B       C       D       E      F
               +-------+-------+-------+-------+-------+----------------------
         Total | 100.0 | 100.0 |   N/A |   N/A | 100.0 |   3.8
       Dungeon | 100.0 | 100.0 |   N/A |   N/A | 100.0 |   3.8
               +-------+-------+-------+-------+-------+----------------------

Vault maps used:
D:1:      sevenhm_arrival_forest_fort_large_2, nemelex_diamond_rough_becter
D:2:      overflow_temple_1_default
D:3:      first_ration
D:4:      kennysheep_mini, minmay_temple_entry_statues_fountains, serial_shops,
          nicolae_shop_stone, kennysheep_slug_shrine, uniq_natasha
